 Dungeon Crawl Stone Soup version 0.26-a0-257-g47e9e61525 (webtiles) character file.

Game seed: 813274245003229731

194 Infinimo the Conjurer (level 5, -10/35 HPs)
             Began as a Mummy Conjurer on July 10, 2020.
             Mangled by an ogre
             ... wielding a +0 giant club
              (14 damage)
             ... on level 3 of the Dungeon.
             The game lasted 00:03:38 (4516 turns).

Infinimo the Conjurer (Mummy Conjurer)              Turns: 4516, Time: 00:03:39

Health: -10/35     AC:  4    Str: 11    XL:     5   Next: 44%
Magic:  3/11       EV: 12    Int: 18    God:
Gold:   94         SH:  0    Dex: 10    Spells: 12/13 levels left

rFire    x . .     SeeInvis .   e - +0 short sword
rCold    + . .     Faith    .   (no shield)
rNeg     + + +     Spirit   .   a - +0 robe
rPois    ∞         Reflect  .   d - +2 hat
rElec    .         Harm     .   (no cloak)
rCorr    .                      (no gloves)
MR       .....                  (no boots)
Stlth    ++........             (no amulet)
HPRegen  0.11/turn              (no ring)
MPRegen  0.12/turn              (no ring)

@: no status effects
A: no food or potions, fire vulnerability, cold resistance 1, negative energy
resistance 3, torment resistance, unbreathing
a: no special abilities


You were on level 3 of the Dungeon.
You were not hungry.

You visited 1 branch of the dungeon, and saw 4 of its levels.

You collected 94 gold pieces.

Inventory:

Hand Weapons
 e - a +0 short sword (weapon)
Armour
 a - a +0 robe (worn)
 d - a +2 hat (worn)
 k - a +0 buckler
Jewellery
 f - an uncursed ring of see invisible {unknown}
 i - an uncursed ring of stealth {unknown}
 m - the macabre finger necklace {rN+}
   (You found it on level 4 of the Dungeon)

   [amulet of nothing]

   It protects you from negative energy.
Scrolls
 b - 2 scrolls of teleportation {unknown}
 c - a scroll of blinking {unknown}
 g - 3 scrolls of identify {unknown}
 h - a scroll of immolation {unknown}
 j - a scroll of amnesia {unknown}
 l - a scroll of enchant weapon {unknown}


   Skills:
 - Level 1.5 Dodging
 - Level 1.5 Stealth
 + Level 4.5 Spellcasting
 * Level 5.0 Conjurations


You had 12 spell levels left.
You knew the following spells:

 Your Spells              Type           Power        Failure   Level
a - Magic Dart            Conj           ###.         1%          1

Your spell library contained the following spells:

 Spells                   Type           Power        Failure   Level
 Searing Ray              Conj           ###...       2%          2
 Dazzling Flash           Conj/Hex       ##....       16%         3
 Fulminant Prism          Conj/Hex       ##........   45%         4
 Iskenderun's Mystic Bla  Conj/Tloc      ##......     45%         4


Dungeon Overview and Level Annotations

Branches:
Dungeon (4/15)
 Temple: D:4-7

Altars:
Makhleb
The Shining One


Innate Abilities, Weirdness & Mutations

You do not eat or drink.
Your flesh is vulnerable to fire.
You are immune to poison.
Your flesh is cold resistant. (rC+)
You are immune to negative energy. (rN+++)
You are immune to unholy pain and torment.
You can survive without breathing.


Message History

The ogre hits you with a +0 giant club!
Casting: Magic Dart (safe; 1% risk of failure)
Confirm with . or Enter, or press ? or * to list all spells.
Aiming: Magic Dart (safe; 1% risk of failure)
Press: ? - help, Shift-Dir - straight line, f/p - ogre
Aim: an ogre, wielding a +0 giant club (severely wounded)
The magic dart hits the ogre.
The ogre is almost dead.
The ogre hits you with a +0 giant club!!
Ouch! That really hurt!
* * * LOW HITPOINT WARNING * * *
Casting: Magic Dart (safe; 1% risk of failure)
Confirm with . or Enter, or press ? or * to list all spells.
Aiming: Magic Dart (safe; 1% risk of failure)
Press: ? - help, Shift-Dir - straight line, f/p - ogre
Aim: an ogre, wielding a +0 giant club (almost dead)
The magic dart hits the ogre but does no damage.
The ogre is almost dead.
The ogre hits you with a +0 giant club!
You die...

.#..#.#.# #.##.#
#. .#...<#.#
#.##.# #.
)#....#.# #..#.#
## .#....#.#
##.#.# .#....#.#
#.#.# .#....#.#
#.#.# ......#.#
#...#
......#.#######.O#
#.....#.........@#
#.###.#..#########
#.#.#.#..#....#
#.#...#..#.##.#
....###..#.##.#
#.#......#.##.#
#.#.###.##.##.#
#.#.#....#.##.#
#.#.#.#..#.##.#


You could see an ogre.

Vanquished Creatures
  An orc priest (D:3)
  3 gnolls (D:3)
  4 adders
  An ooze (D:2)
  2 worms
  A dart slug (D:3)
  3 leopard geckos
  6 orcs (D:3)
  6 bats
  4 giant cockroaches
  10 goblins
  10 hobgoblins
  2 jackals (D:1)
  A quokka (D:4)
  7 frilled lizards
  5 kobolds
  18 rats
84 creatures vanquished.

Notes
Turn   | Place    | Note
-------+----------+-------------------------------------------
     0 | D:1      | Infinimo the Mummy Conjurer began the quest for the Orb.
     0 | D:1      | Reached XP level 1. HP: 13/13 MP: 4/4
   370 | D:1      | Reached XP level 2. HP: 19/19 MP: 1/6
  1547 | D:2      | Reached XP level 3. HP: 16/24 MP: 1/7
  1791 | D:2      | Reached skill level 4 in Conjurations
  2667 | D:2      | Reached XP level 4. HP: 30/30 MP: 4/9
  3848 | D:3      | Found a burning altar of Makhleb.
  3849 | D:3      | Found a glowing golden altar of the Shining One.
  4003 | D:3      | Reached XP level 5. HP: 35/35 MP: 7/11
  4104 | D:3      | Reached skill level 5 in Conjurations
  4414 | D:4      | Found the macabre finger necklace {rN+}
  4500 | D:4      | Noticed an ogre
  4516 | D:3      | Mangled by an ogre

Illustrated notes

Levels and vault maps discovered:
D:1:      evilmike_arrival_crescent, layout_basic, skrybe_limestone_x,
          grunt_decor_resistance, minivault_23
D:2:      layout_loops_corners, first_ration, kennysheep_generic_room_12
D:3:      layout_basic, chequers_temple_overflow_statue_of_worship,
          grunt_decor_mini_mirrors
D:4:      layout_basic, lemuel_zombie_altar_yredelemnul

Skill      XL: |  1  2  3  4  5 |
---------------+----------------+-----
Spellcasting   | 3 4 |  4.5
Conjurations   | 4 5 |  5.0
Dodging        | |  1.5
Stealth        | |  1.5

Action                   |  1- 3 |  4- 6 || total
-------------------------+-------+-------++-------
Melee: Unarmed           |    22 |       ||    22
       Short sword       |     8 |    19 ||    27
 Cast: Magic Dart        |   111 |    95 ||   206
Armor: Robe              |     4 |     5 ||     9
Dodge: Dodged            |    26 |    18 ||    44

Table legend:
 A = Non-vault XP
 B = Vault XP
 C = Vault XP percentage of total XP
 D = Non-vault monster count
 E = Vault monster count
 F = Vault count percentage of total count
                 A         B        C        D         E       F
            +---------+---------+-------+---------+---------+-------
      Total |     276 |       2 |   0.7 |      83 |       1 |   1.2
            +---------+---------+-------+---------+---------+-------
        D:1 |      40 |       0 |   0.0 |      26 |       0 |   0.0
        D:2 |      77 |       2 |   2.5 |      29 |       1 |   3.3
        D:3 |     157 |       0 |   0.0 |      27 |       0 |   0.0
        D:4 |       2 |       0 |   0.0 |       1 |       0 |   0.0
            +---------+---------+-------+---------+---------+-------
